 Dungeon Crawl Stone Soup version 0.25-a0-474-ga8a2ee3166 (webtiles) character file.

Game seed: 10435606160927908260, levelgen mode: deterministic

20 vurker the Gusty (level 2, 0/12 HPs)
             Began as a Felid Air Elementalist on Feb 7, 2020.
             Slain by a hobgoblin
             ... wielding a +0 club
              (4 damage)
             ... on level 1 of the Dungeon.
             The game lasted 00:00:46 (469 turns).

vurker the Gusty (Felid Air Elementalist)            Turns: 469, Time: 00:00:46

Health: 0/12       AC:  1    Str:  4    XL:     2   Next: 58%
Magic:  0/6        EV: 18    Int: 16    God:
Gold:   0          SH:  0    Dex: 16    Spells: 4/5 levels left
                                        Lives:  0   Deaths: 0

rFire    . . .     SeeInvis +   (weapon unavailable)
rCold    . . .     Gourm    .   (shield unavailable)
rNeg     . . .     Faith    .   (armour unavailable)
rPois    .         Spirit   .   (helmet unavailable)
rElec    .         Reflect  .   (cloak unavailable)
rCorr    .         Harm     .   (gloves unavailable)
MR       .....                  (boots unavailable)
Stlth    +++.......             (no amulet)
HPRegen  0.04/turn              (no ring)
MPRegen  0.10/turn              (no ring)

@: very slightly contaminated, quick
A: very small, no armour, no weapons or thrown items, stealth, claws 1, fangs 3,
see invisible, carnivore, speed 1, shaggy fur 1, slow metabolism 1, sharp paws
a: no special abilities


You were on level 1 of the Dungeon.
You were not hungry.

You visited 1 branch of the dungeon, and saw 1 of its levels.

Inventory:

Comestibles
 e - a ration


   Skills:
 + Level 0.5 Fighting
 - Level 2.6 Dodging
 - Level 2.6 Stealth
 * Level 2.3 Spellcasting
 * Level 1.4 Conjurations
 * Level 3.0 Air Magic


You had 4 spell levels left.
You knew the following spells:

 Your Spells              Type           Power        Failure   Level  Hunger
a - Shock                 Conj/Air       #...         9%          1    #......

Your spell library contained the following spells:

 Spells                   Type           Power        Failure   Level  Hunger
 Swiftness                Chrm/Air       #.......     16%         2    ###....
 Static Discharge         Conj/Air       #.......     24%         3    ###....
 Airstrike                Air            ##........   50%         4    #####..
 Lightning Bolt           Conj/Air       #.........   92%         5    ######.


Dungeon Overview and Level Annotations

Branches:
Dungeon (1/15)

Altars:


Innate Abilities, Weirdness & Mutations

You cannot wear armour.
You are incapable of wielding weapons or throwing items.
Your paws allow you to move quietly. (Stealth)
You have sharp claws.
You have razor-sharp teeth.
You have supernaturally acute eyesight. (SInv)
You are carnivorous and can eat meat at any time.
You cover ground quickly.
You are covered in fur. (AC +1)
You have a slow metabolism.
Your sharp claws are effective at attacking unaware monsters.


Message History

You miscast Shock.
You are very lightly contaminated with residual magic.
Nothing appears to happen.
The leopard gecko closely misses you.
A hobgoblin comes into view. It is wielding a +0 club.
The leopard gecko completely misses you.
The zap hits the leopard gecko.
The zap hits the hobgoblin.
The hobgoblin shouts!
The leopard gecko completely misses you.
The zap misses the leopard gecko.
The zap hits the hobgoblin.
You kill the hobgoblin!
Your Air Magic skill increases to level 3!
The leopard gecko bites you.
You don't have enough magic to cast that spell.
You barely miss the leopard gecko.
The leopard gecko completely misses you.
You miss the leopard gecko. The leopard gecko barely misses you.
You barely miss the leopard gecko. The leopard gecko misses you.
The leopard gecko bites you.
* * * LOW HITPOINT WARNING * * *
You see here a centaur barding.
The bat completely misses you. The bat hits you but does no damage.
The bat hits you.
* * * LOW HITPOINT WARNING * * *
Aim: a bat You miscast Shock.
You are blasted with air!
The bat barely misses you.
You don't have enough magic to cast that spell.
You closely miss the bat. The bat closely misses you.
The bat barely misses you.
You completely miss the bat. The bat misses you. x2
You scratch the bat. The bat misses you.
You don't have enough magic to cast that spell.
You closely miss the bat. The bat barely misses you. x2
You scratch the bat.
You kill the bat!
The rat twitches its whiskers.
Aim: a leopard gecko (lightly wounded)
The zap hits the leopard gecko.
The zap hits the hobgoblin.
The zap misses the rat.
The leopard gecko misses you. x2
You scratch the leopard gecko.
You kill the leopard gecko!
You don't have enough magic to cast that spell.
You scratch the hobgoblin. The hobgoblin closely misses you.
You closely miss the hobgoblin. The hobgoblin barely misses you.
You scratch the hobgoblin but do no damage.
The hobgoblin completely misses you.
You barely miss the hobgoblin. The hobgoblin hits you with a +0 club.
You die...

#.........)g..# #.......†#
###...##.# #.......[#
#........###.##
##.###.......... #r##..)....
#g# #####..
################@###########
...............≈.≈.§§......#
..§§≈≈≈≈≈§≈≈§≈≈§.≈§≈§§.....#
..§§..............§§§§.....#
..§§..###########'##§≈"....#
..§§..##..........##§§.....#
...§..##.........###.§§.)..#
..§≈≈.##.........##.≈§.....#
..[≈..####(########.§§§....#


You could see a hobgoblin and a rat.

Vanquished Creatures
  2 oozes (D:1)
  A leopard gecko (D:1)
  A bat (D:1)
  A goblin (D:1)
  2 hobgoblins (D:1)
  A frilled lizard (D:1)
  2 kobolds (D:1)
  2 rats (D:1)
12 creatures vanquished.

Notes
Turn   | Place    | Note
-------+----------+-------------------------------------------
     0 | D:1      | vurker the Felid Air Elementalist began the quest for the
                  | Orb.
     0 | D:1      | Reached XP level 1. HP: 7/7 MP: 4/4
   212 | D:1      | Reached skill level 1 in Conjurations
   294 | D:1      | Reached XP level 2. HP: 12/12 MP: 0/6
   447 | D:1      | Reached skill level 3 in Air Magic
   469 | D:1      | Slain by a hobgoblin

Levels and vault maps discovered:
D:1:      erik_arrival_gehennom, layout_rooms, hex_medium, minmay_octomino_c4

Skill      XL: |  1  2 |
---------------+-------+-----
Conjurations   | 1 |  1.4
Air Magic      | 3 |  3.0
Fighting       | |  0.5
Dodging        | |  2.6
Stealth        | |  2.6
Spellcasting   | |  2.3

Action                   || total
-------------------------++-------
Melee: Unarmed           ||    19
 Cast: Shock             ||    23
Armor: Skin              ||     1
Dodge: Dodged            ||    26

Table legend:
 A = Non-vault XP
 B = Vault XP
 C = Vault XP percentage of total XP
 D = Non-vault monster count
 E = Vault monster count
 F = Vault count percentage of total count
                 A         B        C        D         E       F
            +---------+---------+-------+---------+---------+-------
      Total |       4 |      25 |  86.2 |       3 |       9 |  75.0
            +---------+---------+-------+---------+---------+-------
        D:1 |       4 |      25 |  86.2 |       3 |       9 |  75.0
            +---------+---------+-------+---------+---------+-------
